 Dungeon Crawl Stone Soup version 0.21.1-1-g345015f (webtiles) character file.

73005 Hebeh the Severer (level 15, 0/94 HPs)
             Began as a Minotaur Fighter on June 24, 2018.
             Was a High Priest of Trog.
             Killed from afar by a starcursed mass (6 damage)
             ... with an accursed screaming
             ... on level 2 of the Abyss.
             The game lasted 03:06:31 (30915 turns).

Hebeh the Severer (Minotaur Fighter)               Turns: 30915, Time: 03:06:32

Health: 0/94       AC: 18    Str: 20 (21) XL:     15   Next: 2%
Magic:  0/14       EV:  7    Int:  0 (1)  God:    Trog [*****.]
Gold:   1487       SH: 14    Dex: 10      Spells: 14/14 levels left

rFire    . . .     SeeInvis .   a - +1 broad axe (drain)
rCold    + . .     Gourm    .   c - +1 shield
rNeg     . . .     Faith    .   p - +2 plate armour {rC+}
rPois    .         Spirit   +   N - +1 hat
rElec    .         Reflect  .   D - scarf {repulsion}
rCorr    .         Harm     .   (no gloves)
MR       +....                  j - +0 pair of boots
Stlth    ..........             B - amulet of guardian spirit
HPRegen  0.25/turn              h - ring of flight
MPRegen  0.14/turn              L - +3 ring of protection

@: slowed, lost intelligence, drained, repel missiles, very slow
A: retaliatory headbutt, horns 2, [blurry vision 1], [clumsy 1], [deformed
body], [deterioration 2], [dopey 2], [frail 3], [low mp 3], [screaming 1], [weak
2], [subdued magic 1]
a: Berserk, Trog's Hand, Brothers in Arms, Burn Spellbooks, Renounce Religion,
Evoke Flight


You were on level 2 of the Abyss.
You worshipped Trog.
Trog was extremely pleased with you.
You were not hungry.

You visited 3 branches of the dungeon, and saw 21 of its levels.
You visited the Abyss 1 time.
You also visited: Ossuary.

You collected 1727 gold pieces.
You spent 240 gold pieces at shops.

Inventory:

Hand Weapons
 a - a +1 broad axe of draining (weapon)
 b - a +1 war axe of flaming
 U - the +8 trident of Accidental Termination {drain, *Noise +Rage +Fly SInv}
   (You found it on level 14 of the Dungeon)

   A truly terrible weapon, it drains the life of those it strikes.
   It lets you see invisible.
   It lets you fly.
   It lets you go berserk.
   It may make noises in combat.
Armour
 c - a +1 shield (worn)
 j - a +0 pair of boots (worn)
 p - a +2 plate armour of cold resistance (worn)
 C - +0 acid dragon scales
 D - a scarf of repulsion (worn)
 F - a +0 plate armour of fire resistance
 M - the +1 scale mail of Snakes and Ladders {*Contam rN+ MR+++ Dex+2}
   (You found it on level 2 of the Abyss)

   It affects your dexterity (+2).
   It protects you from negative energy.
   It affects your resistance to hostile enchantments.
   It causes magical contamination when unequipped.
 N - a +1 hat (worn)
Jewellery
 h - a ring of flight (left hand)
 m - a +6 ring of strength
 A - an uncursed ring of protection from fire
 B - an amulet of guardian spirit (around neck)
 H - an uncursed ring of protection from cold {unknown}
 L - a +3 ring of protection (right hand)
 R - an uncursed ring of protection from fire
Wands
 g - a wand of scattershot (5)
 l - a wand of random effects (23)
 x - a wand of flame (50)
 G - a wand of iceblast (16)
 K - a wand of polymorph (6)
 T - a wand of acid (4)
 V - a wand of enslavement (9)
 W - a wand of paralysis (31)
 X - a wand of disintegration (11)
Scrolls
 i - 9 scrolls of teleportation
 k - a scroll of identify
 o - 6 scrolls of magic mapping
 r - 5 scrolls of remove curse
 E - a scroll of enchant armour
 J - a scroll of enchant weapon
 Y - a scroll of immolation
Potions
 d - 5 potions of might
 e - 4 potions of magic
 n - a potion of heal wounds
 q - 2 potions of lignification
 s - a potion of haste
 t - 6 potions of flight
 u - 2 potions of ambrosia
 v - 10 potions of curing
 w - a potion of berserk rage {unknown}
 y - 4 potions of cancellation
 z - 2 potions of mutation {unknown}
 I - 3 potions of brilliance
 Q - 3 potions of agility
Comestibles
 f - 30 rations


   Skills:
 + Level 13.1(12.8) Fighting
 - Level 18.0(17.7) Axes
 + Level 13.1(12.8) Armour
 * Level 14.8(14.5) Shields
 + Level 8.8(8.5) Evocations


You had 14 spell levels left.
You didn't know any spells.

Dungeon Overview and Level Annotations

Branches:
Dungeon (15/15)            Temple (0/1) D:7            Lair (4/6) D:10
 Spider (0/4) Lair:2          Orc (2/2) D:11         Vaults (0/5) D:13
 Depths (0/5) D:15
  Swamp: Lair:2-4    Shoals: Lair:2-4       Elf: Orc:2

Altars:
Ashenzari
Dithmenos
Fedhas
Hepliaklqana
Kikubaaqudgha
Makhleb
Qazlal
Ru
Trog
Uskayaw
Wu Jian
Yredelemnul
Beogh

Shops:
D:15 !

Annotations:
D:14 exclusion: ice statue
Lair:2 exclusion: 2 oklob plants
Lair:3 Sonja


Innate Abilities, Weirdness & Mutations

You reflexively headbutt those who attack you in melee.
You have a pair of horns on your head.
[Scrolls take you a little longer to read.]
[You are clumsy. (Dex -2)]
[Armour fits poorly on your strangely shaped body.]
[Your body often deteriorates upon taking damage.]
[You are very dopey. (Int -4)]
[You are extremely frail. (-30% HP)]
[Your magical capacity is extremely low. (-30% MP)]
[You occasionally shout uncontrollably at your foes.]
[You are very weak. (Str -4)]
[Your spells are a little easier to cast, but a little less powerful.]


Message History

The starcursed mass is heavily damaged.
You slash the starcursed mass!
The starcursed mass shudders and is absorbed by its neighbour.
You slash the large abomination!
You destroy the large abomination!
Trog accepts your kill.
A starcursed mass splits.
A chorus of shrieks assaults your mind.
* * * LOW HITPOINT WARNING * * *
You hit the starcursed mass. You headbutt the starcursed mass.
The starcursed mass is severely damaged.
The starcursed mass shudders and withdraws towards its neighbour.
The small abomination barely misses you.
You furiously retaliate!
You headbutt the small abomination! You slash the small abomination!
You headbutt the small abomination.
The small abomination is almost destroyed.
You hit the starcursed mass.
The starcursed mass shudders and is absorbed by its neighbour.
A chorus of shrieks assaults your mind.
You die...

# ## # .. .#
# ≈≈ ≈ X. .
#.## # ...
.#..# #
..#.#..#.#
#.#.#... # #
#..#..# .
#.#x#..# #
#.@..# # # #
.###.X# X##
## #.####.
#..XX..XXX.#
# #######..#
# # #


You could see 2 starcursed masses and a small abomination.

Vanquished Creatures
  Rupert (D:15)
  A dire elephant (D:15)
  Josephine (Orc:1)
  3 hydras
  5 vault guards (D:13)
  2 centaur warriors
  2 two-headed ogres
  A death knight (D:15)
  2 tengu warriors (D:15)
  Urug (Lair:2)
  A deep elf knight (D:15)
  2 wretched stars (Abyss:2)
  4 skeletal warriors
  An unseen horror (D:13)
  3 wizards
  An orc knight (D:14)
  The ghost of kalagan the Thaumaturge, a novice DEFE of Qazlal (D:7)
  Pikel (D:7)
  A wolf spider (D:15)
  2 deep elf magi
  A cyclops (D:14)
  4 ugly things (D:13)
  3 manticores
  4 elephants (Lair:3)
  Maurice (D:8)
  4 centaur skeletons
  3 spiny frogs
  2 gargoyles
  A rime drake (D:14)
  A freezing wraith (D:15)
  A yaktaur (D:13)
  5 komodo dragons
  A queen bee (Lair:3)
  A troll (D:10)
  3 jumping spiders (Lair:2)
  3 hornets
  A polar bear (shapeshifter) (D:15)
  2 dream sheep (D:9)
  14 hippogriffs
  11 slime creatures
  A centaur simulacrum (D:14)
  Sigmund (D:6)
  A vampire (D:13)
  A shadow (D:10)
  3 small abominations (Abyss:2)
  7 wraiths
  8 wyverns
  A redback (Lair:2)
  46 yaks
  6 basilisks (D:14)
  A chaos spawn (Abyss:2)
  Grum (D:8)
  2 steam dragons (D:5)
  3 hungry ghosts
  2 soldier ants (D:14)
  An acid dragon (D:15)
  An insubstantial wisp (Lair:3)
  4 wargs
  A harpy simulacrum (D:15)
  An acid dragon (shapeshifter) (D:13)
  11 water moccasins
  3 hell hounds (D:14)
  9 porcupines
  A hornet zombie (D:10)
  4 black bears
  35 orc warriors
  An eye of draining (D:10)
  6 large abominations (Abyss:2)
  2 sky beasts
  4 slaves (D:7)
  3 necrophages
  5 phantoms
  10 ice beasts
  21 centaurs
  3 boggarts
  8 wolves
  13 ogres
  14 crocodiles
  7 big kobolds
  7 bullfrogs
  2 wyvern zombies
  4 scorpions
  34 killer bees
  23 wights
  2 electric eels (Lair:1)
  4 crimson imps
  5 centaur zombies
  2 quasits
  7 orc wizards
  9 hounds
  A human zombie (Ossuary)
  3 jellies
  2 bullfrog skeletons
  13 orc priests
  Crazy Yiuf (D:6)
  Terence (D:2)
  5 iguanas
  9 worker ants
  6 mummies
  A howler monkey zombie (D:5)
  A worker ant zombie (D:8)
  2 howler monkey skeletons
  12 adders
  2 shadow imps
  A white imp (Abyss:2)
  An adder skeleton (D:4)
  4 worms (D:3)
  A dart slug (D:2)
  5 leopard geckos
  95 orcs
  4 ball pythons
  6 giant cockroaches
  8 goblins
  9 hobgoblins
  14 jackals
  5 quokkas
  9 bats
  5 frilled lizards
  A gnoll zombie (Ossuary)
  2 hobgoblin zombies (Ossuary)
  A jackal skeleton (D:7)
  24 kobolds
  A kobold zombie (Ossuary)
  A leopard gecko skeleton (D:7)
  2 orc zombies (Ossuary)
  11 rats
  A butterfly (Lair:1)
  8 fungi
  2 plants
  2 withered plants (D:4)
735 creatures vanquished.

Vanquished Creatures (others)
  A chaos spawn (Abyss:2)
  A fungus (Lair:2)
  2 plants
4 creatures vanquished.

Grand Total: 739 creatures vanquished

Notes
Turn   | Place    | Note
-------+----------+-------------------------------------------
     0 | D:1      | Hebeh the Minotaur Fighter began the quest for the Orb.
     0 | D:1      | Reached XP level 1. HP: 19/19 MP: 0/0
   213 | D:1      | Reached XP level 2. HP: 27/27 MP: 1/1
   244 | D:1      | Reached skill level 3 in Axes
   682 | D:2      | Reached XP level 3. HP: 33/33 MP: 2/2
   707 | D:2      | Noticed Terence
   714 | D:2      | Killed Terence
   792 | D:2      | Reached skill level 4 in Axes
   792 | D:2      | Reached XP level 4. HP: 22/40 MP: 3/3
  1281 | D:2      | Found a sacrificial altar of Ru.
  1361 | D:2      | Found a shattered altar of Ashenzari.
  1362 | D:2      | Found a bloodstained altar of Trog.
  1373 | D:2      | Became a worshipper of Trog the Wrathful
  1719 | D:3      | Found a hide-covered altar of Uskayaw.
  1763 | D:3      | Reached XP level 5. HP: 47/47 MP: 4/4
  2382 | D:4      | Found an ancient bone altar of Kikubaaqudgha.
  2526 | D:4      | Reached skill level 5 in Axes
  2801 | D:4      | Found a blossoming altar of Fedhas.
  2846 | D:4      | Found a burning altar of Makhleb.
  2855 | D:4      | Reached XP level 6. HP: 52/55 MP: 5/5
  2903 | D:4      | Reached * piety under Trog
  2908 | D:4      | Reached skill level 5 in Armour
  2908 | D:4      | Reached skill level 5 in Shields
  2931 | D:4      | Found a sand-covered staircase.
  2943 | Ossuary  | Entered an ossuary
  2966 | Ossuary  | Reached skill level 5 in Fighting
  3192 | D:4      | Reached skill level 6 in Axes
  3398 | D:4      | Reached XP level 7. HP: 59/61 MP: 6/6
  3503 | D:4      | Found a hazy altar of Hepliaklqana.
  3799 | D:5      | Entered Level 5 of the Dungeon
  4029 | D:5      | Noticed a steam dragon
  4030 | D:5      | Noticed a steam dragon
  4036 | D:5      | Killed a steam dragon
  4036 | D:5      | Reached skill level 7 in Axes
  4037 | D:5      | Killed a steam dragon
  4037 | D:5      | Reached XP level 8. HP: 20/70 MP: 7/7
  4633 | D:5      | Reached ** piety under Trog
  4663 | D:5      | Reached skill level 8 in Axes
  4828 | D:5      | Got an ivory trident
  4869 | D:5      | Identified the +4 trident of Conformity {pierce, Dex+2} (You found it on level 5 of the Dungeon)
  5151 | D:6      | Noticed Sigmund
  5159 | D:6      | Killed Sigmund
  5337 | D:6      | Reached skill level 9 in Axes
  5393 | D:6      | Reached XP level 9. HP: 45/79 MP: 8/8
  5561 | D:6      | Found a runed door.
  5630 | D:6      | Found a basalt altar of Yredelemnul.
  6039 | D:6      | Noticed Crazy Yiuf
  6042 | D:6      | Killed Crazy Yiuf
  6077 | D:7      | Found a staircase to the Ecumenical Temple.
  6173 | D:7      | Found a shattered altar of Ashenzari.
  6184 | D:7      | Reached *** piety under Trog
  6465 | D:7      | Noticed Pikel
  6486 | D:7      | Killed Pikel
  6486 | D:7      | Reached skill level 10 in Axes
  6776 | D:7      | Found a stormy altar of Qazlal.
  6964 | D:7      | Noticed kalagan's ghost (novice DEFE)
  6968 | D:7      | Killed kalagan's ghost
  6968 | D:7      | Reached skill level 11 in Axes
  7090 | D:7      | Reached XP level 10. HP: 88/90 MP: 9/9
  7381 | D:8      | Received a gift from Trog
  7446 | D:8      | Found a shadowy altar of Dithmenos.
  7448 | D:8      | Noticed Grum
  7499 | D:8      | Killed Grum
  7648 | D:8      | Reached **** piety under Trog
  7773 | D:8      | Reached skill level 12 in Axes
  7791 | D:8      | Received a gift from Trog
  7798 | D:8      | Noticed Maurice
  7807 | D:8      | Killed Maurice
  8412 | D:9      | Found an ornate altar of the Wu Jian Council.
  8784 | D:9      | Reached XP level 11. HP: 76/99 MP: 10/10
  8794 | D:9      | Noticed a three-headed hydra
  8808 | D:9      | Killed a four-headed hydra
  8808 | D:9      | Reached skill level 10 in Fighting
  8808 | D:9      | Reached skill level 13 in Axes
  8808 | D:9      | Reached skill level 10 in Armour
  8808 | D:9      | Reached skill level 10 in Shields
  9599 | D:10     | Entered Level 10 of the Dungeon
 10345 | D:10     | Found a staircase to the Lair.
 11036 | Lair:1   | Entered Level 1 of the Lair of Beasts
 11838 | Lair:1   | Reached ***** piety under Trog
 11884 | Lair:1   | Reached skill level 14 in Axes
 12589 | Lair:2   | Noticed Sonja
 12931 | Lair:2   | Noticed an oklob plant
 12931 | Lair:2   | Noticed an oklob plant
 13355 | Lair:2   | Received a gift from Trog
 13459 | Lair:2   | Reached XP level 12. HP: 110/110 MP: 11/11
 14177 | Lair:2   | Found a hole to the Spider Nest.
 14277 | Lair:2   | Noticed Urug
 14319 | Lair:2   | Killed Urug
 14748 | Lair:4   | Noticed an eight-headed hydra
 14794 | Lair:3   | Reached skill level 1 in Evocations
 15272 | Lair:3   | Reached skill level 15 in Axes
 15357 | Lair:3   | Received a gift from Trog
 17094 | D:11     | Reached skill level 16 in Axes
 17860 | D:10     | Received a gift from Trog
 18074 | D:11     | Found a roughly hewn altar of Beogh.
 18253 | D:11     | Found a staircase to the Orcish Mines.
 18883 | Orc:1    | Entered Level 1 of the Orcish Mines
 19242 | Orc:2    | Entered Level 2 of the Orcish Mines
 19242 | Orc:2    | Noticed an orc warlord
 19329 | D:12     | Noticed a two-headed ogre
 19334 | D:11     | Reached skill level 5 in Evocations
 19356 | D:11     | Killed a two-headed ogre
 19356 | D:11     | Reached XP level 13. HP: 93/116 MP: 15/15
 19631 | D:12     | Reached skill level 17 in Axes
 20202 | D:12     | Received a gift from Trog
 20511 | D:12     | Found a burning altar of Makhleb.
 22152 | D:13     | Reached skill level 18 in Axes
 23174 | D:13     | Paralysed by a wizard for 5 turns
 23563 | D:13     | Reached ****** piety under Trog
 23724 | D:13     | Found a gate to the Vaults.
 24279 | D:13     | Received a gift from Trog
 24435 | D:14     | Reached XP level 14. HP: 121/125 MP: 16/18
 24775 | D:14     | Got a dazzling trident
 25870 | D:15     | Entered Level 15 of the Dungeon
 25982 | D:14     | Identified the +8 trident of Accidental Termination {drain, *Noise +Rage +Fly SInv} (You found it on level 14 of the Dungeon)
 27078 | D:15     | Noticed Rupert
 27106 | D:15     | Killed Rupert
 27909 | D:15     | Found Bomeit's Distillery.
 27919 | D:15     | Bought a potion of heal wounds for 80 gold pieces
 27919 | D:15     | Bought a potion of heal wounds for 80 gold pieces
 27919 | D:15     | Bought a potion of heal wounds for 80 gold pieces
 28282 | D:15     | Found a staircase to the Depths.
 28503 | D:15     | Paralysed by a centaur for 5 turns
 28509 | D:15     | Received a gift from Trog
 29115 | Orc:2    | Noticed Josephine
 29364 | Orc:1    | Killed Josephine
 30400 | Lair:3   | Cast into level 1 of the Abyss (Sonja)
 30420 | Abyss:1  | Noticed a lich
 30424 | Abyss:2  | Found a corrupted altar of Lugonu.
 30488 | Abyss:2  | Got an ichor-stained scale mail
 30498 | Abyss:2  | Identified the +1 scale mail of Snakes and Ladders {*Contam rN+ MR+++ Dex+2} (You found it on level 2 of the Abyss)
 30638 | Abyss:2  | Noticed a starcursed mass
 30737 | Abyss:2  | HP: 4/103 [chaos spawn (5)]
 30786 | Abyss:2  | Lost intelligence.
 30885 | Abyss:2  | Noticed a starcursed mass
 30899 | Abyss:2  | Reached XP level 15. HP: 12/94 MP: 3/14
 30915 | Abyss:2  | Killed from afar by a starcursed mass

Skill      XL: |  1  2  3  4  5  6  7  8  9 10 11 12 13 14 |
---------------+-------------------------------------------+-----
Axes           | 3 4 5 6 7 9 11 12 14 16 18 | 18.0
Armour         | 4 5 6 7 8 9 11 13 | 13.1
Shields        | 4 5 6 7 8 9 11 12 14 | 14.8
Fighting       | 4 5 6 7 8 9 11 13 | 13.1
Evocations     | 5 7 8 |  8.8

Action                   |  1- 3 |  4- 6 |  7- 9 | 10-12 | 13-15 || total
-------------------------+-------+-------+-------+-------+-------++-------
Melee: War axe           |    82 |   203 |   217 |   752 |     5 ||  1259
       Headbutt          |    10 |    55 |    55 |   214 |   205 ||   539
       Mace              |       |     1 |       |       |       ||     1
       Trident           |       |       |       |     6 |       ||     6
       Broad axe         |       |       |       |   117 |   801 ||   918
 Fire: Hand crossbow     |       |       |       |     2 |     1 ||     3
Throw: Javelin           |       |       |       |     2 |       ||     2
Invok: Burn Spellbooks   |       |       |     3 |     2 |     1 ||     6
       Berserk           |       |       |     1 |       |       ||     1
       Trog's Hand       |       |       |       |       |     1 ||     1
 Abil: Evoke Flight      |       |       |       |       |     2 ||     2
Evoke: Wand              |       |       |       |     1 |     6 ||     7
  Use: Scroll            |       |     4 |    10 |     5 |    18 ||    37
       Potion            |       |       |       |       |     6 ||     6
  Eat: Chunk             |       |     6 |    11 |    20 |    16 ||    53
       Ration            |       |     1 |       |     6 |     8 ||    15
Armor: Scale mail        |    48 |    65 |    61 |       |       ||   174
       Plate armour      |       |       |     3 |   382 |   312 ||   697
Dodge: Dodged            |    35 |    36 |    53 |   170 |   149 ||   443
       Deflected         |       |       |       |     2 |    30 ||    32
Block: Shield            |    53 |    98 |   136 |   616 |   530 ||  1433
